 Dungeon Crawl Stone Soup version 0.19.1-1-g22dce08 (webtiles) character file.

192 Peloso the Slasher (level 5, 0/44 HPs)
             Began as a Ghoul Gladiator on Dec 31, 2016.
             Slain by an orc wizard
             ... wielding a +0 dagger
              (6 damage)
             ... on level 3 of the Dungeon.
             The game lasted 00:06:15 (2583 turns).

Peloso the Slasher (Ghoul Gladiator)                Turns: 2583, Time: 00:06:15

Health: 0/44       AC:  4    Str: 19    XL:     5   Next: 71%
Magic:  4/4        EV: 12    Int:  3    God:
Gold:   194        SH:  3    Dex: 10    Spells: 0 memorised, 4 levels left

rFire  . . .     SeeInvis .     a - +0 long sword
rCold  + . .     Gourm    .     b - +0 leather armour
rNeg   + + +     Faith    .     g - +0 buckler
rPois  ∞         Spirit   .     c - +0 helmet
rElec  .         Reflect  .     (no cloak)
rCorr  .         Harm     .     (no gloves)
MR     .....                    (no boots)
Stlth  +.........               (no amulet)
                                (no ring)
                                (no ring)

@: rotting
A: rotting body, claws 1, carnivore 3, cold resistance 1, negative energy
resistance 3, slow regeneration 1, torment resistance, unbreathing
a: no special abilities


You were on level 3 of the Dungeon.
You were not hungry.

You visited 1 branch of the dungeon, and saw 4 of its levels.

You collected 194 gold pieces.

Inventory:

Hand Weapons
 a - a +0 long sword (weapon)
 v - a +0 short sword of speed
Missiles
 d - 3 throwing nets (quivered)
Armour
 b - a +0 leather armour (worn)
 c - a +0 helmet (worn)
 g - a +0 buckler (worn)
Wands
 i - a wand of slowing (30/48)
Scrolls
 j - 2 scrolls of amnesia
 p - a scroll of teleportation
 t - a scroll of remove curse
Potions
 e - a potion of brilliance {unknown}
 k - a potion of haste {unknown}
 l - a potion of curing {unknown}
 o - a potion of might
 q - 2 potions of degeneration {unknown}
 r - a potion of magic {unknown}
 s - a potion of agility {unknown}
Comestibles
 f - a meat ration
 h - a slice of pizza
 m - 4 chunks of flesh
 n - a royal jelly


   Skills:
 + Level 2.9 Fighting
 + Level 4.1 Long Blades
 + Level 1.8 Throwing
 + Level 1.4 Armour
 + Level 3.9 Dodging
 + Level 0.2 Stealth
 + Level 0.1 Shields


You had 4 spell levels left.
You didn't know any spells.

Dungeon Overview and Level Annotations

Branches:
Dungeon (4/15)
 Temple: D:4-7

Altars:
Makhleb
Qazlal
Ru


Innate Abilities, Weirdness & Mutations

Your body is rotting away.
You thrive on raw meat.
You are immune to poison.
You have sharp fingernails.
You are carnivorous and can eat meat at any time.
Your flesh is cold resistant. (rC+)
You are immune to negative energy. (rN+++)
You regenerate slowly when monsters are visible.
You are immune to unholy pain and torment.
You can survive without breathing.


Message History

Something hits you but does no damage. You block the orc's attack.
Unknown command.
You closely miss the orc.
The orc is severely wounded.
Something hits you.
* * * LOW HITPOINT WARNING * * *
The orc closely misses you.
Unknown command.
Something hits you but does no damage. You block the orc's attack.
You hit the orc but do no damage.
The orc is severely wounded.
The orc hits you but does no damage.
You hear some strange, mumbled words.
A puff of flame appears from out of thin air!
You block the puff of flame.
Unknown command.
You hit the orc.
You kill the orc!
Something hits you.
You die...

#.......... ############
#_.........
...........############.........)
##########...................>...
# ###.###.#####...........
############.# #.# ##.......†..
.............# #.# #..........
##)..........# #{# #..........
##†..<..)...# #@# #..........
#..........# #)# #####.#####
#.....(....# #.# ######..#
#..........# #.# #......##
#..........# #.# #<....##
#..........# #.# #.....#
#####.)#.###.# #.# #.....# ..#
#.##.# #.# #.# #.....#
#.###.##.###.# #.# #.....#


There were no monsters in sight!

Vanquished Creatures
  Terence (D:3)
  2 orc wizards
  5 adders
  A worm (D:2)
  2 leopard geckos
  6 orcs
  2 giant cockroaches
  6 goblins
  6 hobgoblins
  7 jackals
  A quokka (D:2)
  4 bats
  9 frilled lizards
  7 kobolds
  6 rats
65 creatures vanquished.

Notes
Turn   | Place    | Note
-------+----------+-------------------------------------------
     0 | D:1      | Peloso the Ghoul Gladiator began the quest for the Orb.
     0 | D:1      | Reached XP level 1. HP: 17/17 MP: 0/0
   229 | D:1      | Reached XP level 2. HP: 23/24 MP: 1/1
   912 | D:1      | Reached skill level 3 in Long Blades
  1030 | D:2      | Reached XP level 3. HP: 19/30 MP: 2/2
  1513 | D:2      | Found a stormy altar of Qazlal.
  1532 | D:2      | Reached XP level 4. HP: 13/37 MP: 3/3
  1644 | D:2      | Reached skill level 1 in Armour
  1903 | D:3      | Noticed Terence
  1913 | D:3      | Killed Terence
  1952 | D:3      | Found a burning altar of Makhleb.
  2063 | D:3      | Found a sacrificial altar of Ru.
  2116 | D:3      | Reached XP level 5. HP: 31/42 MP: 4/4
  2312 | D:3      | Reached skill level 4 in Long Blades
  2491 | D:4      | Noticed an ogre
  2583 | D:3      | Slain by an orc wizard

Skill      XL: |  1  2  3  4  5 |
---------------+----------------+-----
Long Blades    | 3 4 |  4.1
Dodging        | 3 |  3.9
Armour         | 1 |  1.4
Fighting       | |  2.9
Throwing       | |  1.8
Stealth        | |  0.2
Shields        | |  0.1

Action                   |  1- 3 |  4- 6 || total
-------------------------+-------+-------++-------
Melee: Long sword        |   116 |   136 ||   252
  Use: Scroll            |       |     8 ||     8
  Eat: Chunk             |     4 |     3 ||     7
Armor: Leather armour    |    39 |    51 ||    90
Dodge: Dodged            |    77 |   116 ||   193
Block: Buckler           |    20 |    18 ||    38
       Rpst.: Long sword |    29 |    41 ||    70
